 Dungeon Crawl Stone Soup version 0.27.1-34-g3ba077fa99 (webtiles) character file.

Game seed: 5236300720333420802

90 zeram the Conjurer (level 4, 0/25 (27) HPs)
             Began as an Octopode Conjurer on Jan 19, 2022.
             Slain by Crazy Yiuf (10 damage)
             ... on level 2 of the Dungeon.
             The game lasted 00:03:53 (1981 turns).

zeram the Conjurer (Octopode Conjurer)              Turns: 1981, Time: 00:03:54

HP:   0/25 (27)     AC:  1    Str:  6    XL:     4   Next: 56%
MP:   9/11          EV: 14    Int: 21    God:
Gold: 34            SH:  0    Dex: 10    Spells: 12/13 levels left

rFire    . . .     SeeInvis .   b - +0 dagger
rCold    . . .     Faith    .   (no shield)
rNeg     . . .     Spirit   .   (helmet restricted)
rPois    .         Reflect  .   (no amulet)
rElec    .         Harm     .   (no ring)
rCorr    .         Rampage  .   (no ring)
Will     .....                  (no ring)
Stlth    +++.......             (no ring)
HPRegen  0.08/turn              (no ring)
MPRegen  0.12/turn              (no ring)
                                (no ring)
                                (no ring)

@: drained
A: almost no armour, amphibious, 8 rings, camouflage 1, gelatinous body 1,
(nimble swimmer 1), tentacles
a: no special abilities


You were on level 2 of the Dungeon.
You visited 1 branch of the dungeon, and saw 2 of its levels.

You collected 34 gold pieces.

Inventory:

Hand Weapons
 b - a +0 dagger (weapon)
Potions
 f - 2 potions of brilliance
 i - a potion of might {unknown}


   Skills:
 + Level 5.0 Short Blades
 + Level 5.7 Dodging
 - Level 3.1 Stealth
 + Level 5.2 Spellcasting
 + Level 7.1 Conjurations


You had 12 spell levels left.
You knew the following spells:

 Your Spells              Type           Power      Damage    Failure   Level
a - Magic Dart            Conj           100%       1d8       1%          1

Your spell library contained the following spells:

 Spells                   Type           Power      Damage    Failure   Level
 Searing Ray              Conj           70%        3d5       1%          2
 Dazzling Flash           Conj/Hex       40%        N/A       8%          3
 Fulminant Prism          Conj/Hex       10%        3d9       24%         4
 Iskenderun's Mystic Bla  Conj/Tloc      20%        2d6       24%         4


Dungeon Overview and Level Annotations

Branches:
Dungeon (2/15)

Altars:

Shops:
D:2 [*

Annotations:
D:2 Crazy Yiuf


Innate Abilities, Weirdness & Mutations

You cannot wear most types of armour.
You are amphibious.
You can wear up to eight rings at the same time.
Your skin changes colour to match your surroundings (Stealth+).
Your rubbery body absorbs attacks. (AC +1, EV +1)
((You are camouflaged near water. (Stealth+)))
You have tentacles for arms and can constrict up to eight enemies at once.


Message History

You constrict Crazy Yiuf, but do no damage.
You hit Crazy Yiuf but do no damage.
Crazy Yiuf is lightly wounded.
You constrict Crazy Yiuf, but do no damage.
Crazy Yiuf whimpers, "Liver forty-two alas!"
Crazy Yiuf hits you with a +4 quarterstaff of chaos!
Ouch! That really hurt!
You aren't carrying any scrolls.
You feel better.
You constrict Crazy Yiuf, but do no damage.
Crazy Yiuf flaps his cloak.
Crazy Yiuf hits you with a +4 quarterstaff of chaos!
You feel drained.
Casting: Magic Dart (safe; 1% risk of failure)
Confirm with . or Enter, or press ? or * to list all spells.
You don't know that spell.
Unknown command.
You release your grip on Crazy Yiuf.
Crazy Yiuf completely misses you.
There is an open translucent door here.
Crazy Yiuf says, "Buddy snail noodlescoop!"
You aren't carrying any scrolls.
Okay, then.
You aren't carrying any items that you can evoke.
Casting: Magic Dart (safe; 1% risk of failure)
Confirm with . or Enter, or press ? or * to list all spells.
Aiming: Magic Dart (safe; 1% risk of failure)
Press: ? - help, Shift-Dir - straight line, f - Crazy Yiuf
Aim: Crazy Yiuf, wielding a +4 quarterstaff of chaos and wearing a +0 cloak (lightly wounded, 100% to hit)
The magic dart hits Crazy Yiuf.
Crazy Yiuf is lightly wounded.
Crazy Yiuf misses you.
Casting: Magic Dart (safe; 1% risk of failure)
Confirm with . or Enter, or press ? or * to list all spells.
Aiming: Magic Dart (safe; 1% risk of failure)
Press: ? - help, Shift-Dir - straight line, f/p - Crazy Yiuf
Aim: Crazy Yiuf, wielding a +4 quarterstaff of chaos and wearing a +0 cloak (lightly wounded, 100% to hit)
The magic dart hits Crazy Yiuf but does no damage.
Crazy Yiuf is lightly wounded.
Crazy Yiuf hits you with a +4 quarterstaff of chaos!
You die...

....##############.....#
###....................# #
################.....# # #.....#
# ###.### ### ##### ♣♣####.## ..#
#)..#♣♣ ♣♣.#.....## ..#
#...'.♣♣♣♣......#..# ..#
#...#♣..♣..g@..###.# ..#
#####♣♣♣.♣..#.## #.# #.# ♣♣♣♣♣###
#.# #.# #####.######## #.# ###
### #......#.....## #.## #.## #.#
##.)........(..## #..#
#..###.####.............∩.#
##.####.........................#
##........###.###...............#


You could see Crazy Yiuf.

Vanquished Creatures
  2 adders (D:2)
  2 dart slugs
  3 bats (D:2)
  2 endoplasms
  A giant cockroach (D:1)
  4 goblins
  2 hobgoblins (D:1)
  3 ball pythons
  2 kobolds (D:2)
  3 rats
24 creatures vanquished.

Notes
Turn   | Place    | Note
-------+----------+-------------------------------------------
     0 | D:1      | zeram the Octopode Conjurer began the quest for the Orb.
     0 | D:1      | Reached XP level 1. HP: 11/11 MP: 3/3
     9 | D:1      | Noticed an ogre
   510 | D:1      | Reached XP level 2. HP: 17/17 MP: 5/5
   684 | D:1      | You fall into a shaft and drop 1 floor!
   684 | D:2      | Found Uqemied's General Store.
   865 | D:2      | Found Peucost's Antique Armour Boutique.
  1183 | D:2      | Reached XP level 3. HP: 12/21 MP: 6/6
  1580 | D:2      | Reached skill level 5 in Short Blades
  1580 | D:2      | Reached skill level 5 in Dodging
  1580 | D:2      | Reached skill level 5 in Spellcasting
  1580 | D:2      | Reached skill level 7 in Conjurations
  1580 | D:2      | Reached XP level 4. HP: 27/27 MP: 7/11
  1818 | D:2      | Found a runed translucent door.
  1819 | D:2      | Noticed Crazy Yiuf
  1981 | D:2      | Slain by Crazy Yiuf

Illustrated notes

Levels and vault maps discovered:
D:1:      evilmike_arrival_come_back, layout_loops_ring, serial_glass,
          glass_columns_b, glass_columns_a, columned_hall_lemuel, minivault_14,
          minmay_tetromino_s4
D:2:      layout_rooms, serial_shops, nicolae_shop_waterfront, shop,
          uniq_crazy_yiuf_cottage

Skill      XL: |  1  2  3 |
---------------+----------+-----
Stealth        | 3 |  3.1
Short Blades   | 5 |  5.0
Dodging        | 5 |  5.7
Spellcasting   | 5 |  5.2
Conjurations   | 7 |  7.1

Action                   |  1- 3 |  4- 6 || total
-------------------------+-------+-------++-------
Melee: Unarmed           |     8 |       ||     8
       Constrict         |     8 |     3 ||    11
       Tentacles         |     8 |       ||     8
       Dagger            |    18 |    10 ||    28
 Cast: Magic Dart        |    28 |     2 ||    30
  Use: Scroll            |     3 |     4 ||     7
       Potion            |     1 |     1 ||     2
 Stab: Sleeping          |     3 |       ||     3
Armor: Skin              |     6 |       ||     6
Dodge: Dodged            |    21 |     9 ||    30
